Workbook

Sheet Resumo
A2: RESUMO
A4: PARTICIPANTE
A6: ='Anexo A'!B2 -> COLETA DOMICILIAR DO MUNICÍPIO DE ALVORADA
A8: Item | B8: Descrição – Características Técnicas | C8: Valor Unit. (R$) | D8: Quantidade | F8: Valor Total
A13: 1 | B13: COLETA DE RESÍDUOS DOMICILIARES | C13: ='Anexo A'!G430 -> 0 | D13: Mensal | E13: 3700 | F13: =E13*C13 -> 0
B14: Coleta de segunda à sexta das 7h às 23h40min. e aos domingos nas principais Avenidas. Incluso 40 contêineres na Av. Getúlio Vargas. | D14: Anual | E14: =E13*12 -> 44400 | F14: =C13*E14 -> 0

Sheet Anexo A
B1: ANEXO A
B2: COLETA DOMICILIAR DO MUNICÍPIO DE ALVORADA
B4: =Resumo!A4 -> PARTICIPANTE
B6: Planilha de Composição de Custos
B8: Orçamento Sintético
B9: Descrição do Item | F9: Custo (R$/mês) | G9: %
B10: =B56 -> 1. Mão de obra | F10: =G226 -> 0 | G10: =IF(SUM(G11:G17)=IFERROR(F10/$F$35,0),IFERROR(F10/$F$35,0),"ERRO") -> 0
B11: =B65 -> 1.1. Lixeiros/Coletores | F11: =G109 -> 0 | G11: =IFERROR(F11/$F$35,0) -> 0
B12: =B111 -> 1.2. Motoristas | F12: =G159 -> 0 | G12: =IFERROR(F12/$F$35,0) -> 0
B13: =B161 -> 1.3. Encarregado/Gerente Operacional | F13: =G176 -> 0 | G13: =IFERROR(F13/$F$35,0) -> 0
B14: =B178 -> 1.4. Vale Transporte | F14: =G186 -> 0 | G14: =IFERROR(F14/$F$35,0) -> 0
B15: =B195 -> 1.5. Vale-refeição - VR | F15: =G201 -> 0 | G15: =IFERROR(F15/$F$35,0) -> 0
B16: =B203 -> 1.6. Auxílio Alimentação - VA | F16: =G209 -> 0 | G16: =IFERROR(F16/$F$35,0) -> 0
B17: =B211 -> 1.7. Outros Auxílios | F17: =G224 -> 0 | G17: =IFERROR(F17/$F$35,0) -> 0
B18: =B228 -> 2. Uniformes e Equipamentos de Proteção Individual e Proteção Coletiva | F18: =G287 -> 0 | G18: =IF(SUM(G19:G21)=IFERROR(F18/$F$35,0),IFERROR(F18/$F$35,0),"ERRO") -> 0
B19: =B230 -> 2.1. Uniformes | F19: =G246 -> 0 | G19: =IFERROR(F19/$F$35,0) -> 0
B20: =B248 -> 2.2. Equipamentos de Proteção Individual - EPI's | F20: =G278 -> 0 | G20: =IFERROR(F20/$F$35,0) -> 0
B21: =B280 -> 2.3. Equipamentos de Proteção Coletiva - EPC | F21: =G285 -> 0 | G21: =IFERROR(F21/$F$35,0) -> 0
B22: =B289 -> 3. Veículos e Equipamentos | F22: =G387 -> 0 | G22: =IF(SUM(G24:G30)=IFERROR(F22/$F$35,0),IFERROR(F22/$F$35,0),"ERRO") -> 0
B23: =B290 -> 3.1. Veículos Coletores Compactadores | F23: =SUM(F24:F29) -> 0 | G23: =IFERROR(F23/$F$35,0) -> 0
B24: =" "&B291 -> 3.1.1. Depreciação | F24: =G313 -> 0 | G24: =IFERROR(F24/$F$35,0) -> 0
B25: =" "&B315 -> 3.1.2. Remuneração do Capital Investido | F25: =G336 -> 0 | G25: =IFERROR(F25/$F$35,0) -> 0
B26: =" "&B338 -> 3.1.3. Impostos e Seguros | F26: =G344 -> 0 | G26: =IFERROR(F26/$F$35,0) -> 0
B27: =" "&B346 -> 3.1.4. Consumo dos veículos | F27: =G363 -> 0 | G27: =IFERROR(F27/$F$35,0) -> 0
B28: =" "&B365 -> 3.1.5. Manutenção | F28: =G369 -> 0 | G28: =IFERROR(F28/$F$35,0) -> 0
B29: =" "&B371 -> 3.1.6. Pneus | F29: =G379 -> 0 | G29: =IFERROR(F29/$F$35,0) -> 0
B30: =B381 -> 3.2. Locação contêineres | F30: =G385 -> 0 | G30: =IFERROR(F30/$F$35,0) -> 0
B31: =B389 -> 4. Monitoramento da Frota | F31: =G394 -> 0 | G31: =IFERROR(F31/$F$35,0) -> 0
B32: =B398 -> 5. Ferramentas e Materiais de consumo | F32: =G407 -> 0 | G32: =IFERROR(F32/$F$35,0) -> 0
B33: =B409 -> 6. Administração Local | F33: =G416 -> 0 | G33: =IFERROR(F33/$F$35,0) -> 0
B34: =B420 -> 7. Benefícios e Despesas Indiretas – BDI | F34: =G424 -> 0 | G34: =IFERROR(F34/$F$35,0) -> 0
B35: =B426 -> CUSTO TOTAL MENSAL (R$/mês) | F35: =G426 -> 0 | G35: =IFERROR(F35/$F$35,0) -> 0
B37: Quantitativos
B38: Mão de obra | G38: Quantidade
B39: =B11 -> 1.1. Lixeiros/Coletores | G39: 42
B40: =B12 -> 1.2. Motoristas | G40: 14
B41: =B13 -> 1.3. Encarregado/Gerente Operacional | G41: 1
B42: Total de mão de obra (postos de trabalho) | G42: =SUM(G39:G41) -> 57
B44: Veículos e Equipamentos | G44: Quantidade
B45: Veículos Coletores Compactadores | G45: 8
B46: Contêineres de PEAD | G46: 40
B48: Fator de utilização (FU) | D48: 1
B50: LEGENDA:
B51: Indicar valores
B52: Indicar valores
B53: Quantidade Mínima Indicada
B56: 1. Mão de obra
B58: CATEGORIA | F58: INSALUBRIDADE | G58: SALÁRIO¹
B59: Lixeiros/Coletores - SINDIASSEIO | F59: 0.4
B60: Motorista - SETCERGS-SINECARGA | F60: 0.4
B61: Encarregado/Gerente Operacional | F61: 0
B62: Salário Mínimo Nacional
B63: ¹ Os valores discriminados devem respeitar aos determinados nas respectivas Convenções Coletivas de cada categoria.
B65: 1.1. Lixeiros/Coletores
B66: DISCRIMINAÇÃO | D66: UNIDADE | E66: QUANTIDADE | F66: PREÇO UNITÁRIO | G66: SUBTOTAL
B67: ="TURNO DIA DE SEG. A SÁB. (INCLUSIVE AOS FERIADOS) - "&Leia!C10 -> TURNO DIA DE SEG. A SÁB. (INCLUSIVE AOS FERIADOS) - das 7h às 15h20min.
B68: Piso da categoria | D68: mês | E68: 1 | F68: =G59 -> 0 | G68: =ROUND(E68*F68,2) -> 0
B69: Horas Extras (100%)² | D69: hora | E69: =Leia!G11/12*Leia!C13 -> 5.5 | F69: =((F68+(G59*F59))/Leia!E19*2) -> 0 | G69: =ROUND(E69*F69,2) -> 0
B70: Horas Extras (50%) | D70: hora | E70: 0 | F70: =((F68+(G59*F59))/Leia!E19*1.5) -> 0 | G70: =ROUND(F70*E70,2) -> 0
B71: Descanso Semanal Remunerado (DSR) - hora extra 50% | D71: R$ | E71: =(E70/25)*6 -> 0 | F71: =F70 -> 0 | G71: =ROUND(F71*E71,2) -> 0
B72: Descanso Semanal Remunerado (DSR) - hora extra 100% | D72: R$ | E72: =ROUND((E69/25)*6,2) -> 1.32 | F72: =F69 -> 0 | G72: =ROUND(F72*E72,2) -> 0
B73: Adicional de Insalubridade | D73: % | E73: =F59 -> 0.4 | F73: =G59 -> 0 | G73: =ROUND(F73*E73,2) -> 0
B74: Soma | G74: =SUM(G68:G73) -> 0
B75: Encargos Sociais | D75: % | E75: ='Anexo B'!I57 -> 0 | F75: =G74 -> 0 | G75: =ROUND(F75*E75,2) -> 0
B76: Custo Total por Coletor | G76: =ROUND(G75+G74,2) -> 0
B77: Total do Efetivo | D77: pessoas | E77: =G39/2 -> 21 | F77: =G76 -> 0 | G77: =ROUND(F77*E77,2) -> 0
B79: COLETA NA AV. PRESIDENTE GETÚLIO VARGAS AOS DOMINGOS
B80: Horas Extras (100%)² | D80: hora | E80: =ROUND(4*(Leia!E9/12),2) -> 17.33 | F80: =F69 -> 0 | G80: =ROUND(E80*F80,2) -> 0
B81: DSR - hora extra | D81: R$ | E81: =(E80/25)*6 -> 4.1592 | F81: =F80 -> 0 | G81: =ROUND(E81*F81,2) -> 0
B82: Soma | G82: =ROUND(SUM(G80:G81),2) -> 0
B83: Encargos Sociais - hora extra | D83: R$ | G83: =ROUND(G82*E75,2) -> 0
B84: Total por Coletor aos domingos | G84: =SUM(G82:G83) -> 0
B85: Total do Efetivo | D85: pessoas | E85: 3 | F85: =G84 -> 0 | G85: =ROUND(E85*F85,2) -> 0
B86: ="²Considerando-se "&Leia!E9&" domingos ao ano e uma estimativa de 4h de trabalho nesses dias: ("&Leia!E9&" / 12) x 4 = "&ROUND(Leia!E9/12*4,2) -> ²Considerando-se 52 domingos ao ano e uma estimativa de 4h de trabalho nesses dias: (52 / 12) x 4 = 17,33
B87: Fator de Utilização | D87: % | E87: =D48 -> 1 | G87: =ROUND((G85+G77)*E87,2) -> 0
B89: ="TURNO NOITE DE SEG. A SÁB. (INCLUSIVE AOS FERIADOS) - das "&Leia!C15 -> TURNO NOITE DE SEG. A SÁB. (INCLUSIVE AOS FERIADOS) - das das 15h20min. às 23h40min.
B90: Piso da categoria | D90: mês | E90: 1 | F90: =G59 -> 0 | G90: =ROUND(E90*F90,2) -> 0
B91: Adicional noturno | D91: hrs trabalhadas | E91: =Leia!E16*Leia!C20 -> 43.333333
D92: hr contabilizada | E92: =E91*8/7 -> 49.52381 | F92: =(F90+(G59*F59))/Leia!E19*0.2 -> 0 | G92: =ROUND(E92*F92,2) -> 0
B93: Horas Extras (100%)³ | D93: hora | E93: =Leia!G11/12*Leia!C22 -> 5 | F93: =F81 -> 0 | G93: =ROUND(E93*F93,2) -> 0
B94: Horas Extras Noturnas (100%) | D94: hrs trabalhadas | E94: =Leia!G11/12*Leia!C20 -> 1.25
D95: hr contabilizada | E95: =E94*8/7 -> 1.4285714 | F95: =(F90+(G59*F59))/Leia!E19*2*1.2 -> 0 | G95: =ROUND(E95*F95,2) -> 0
B96: Horas Extras (50%) | D96: hora | E96: 0 | F96: =F70 -> 0 | G96: =ROUND(E96*F96,2) -> 0
B97: Horas Extras Noturnas (50%) | D97: hrs trabalhadas | E97: 0
D98: hr contabilizada | E98: =E97*8/7 -> 0 | F98: =(F90+(G59*F59))/Leia!E19*1.5*1.2 -> 0 | G98: =ROUND(E98*F98,2) -> 0
B99: Descanso Semanal Remunerado (DSR) - hora extra 50% | D99: R$
B100: Descanso Semanal Remunerado (DSR) - hora extra 100% | D100: R$ | E100: =ROUND((E93/25)*6,2) -> 1.2 | F100: =F72 -> 0 | G100: =ROUND(E100*F100,2) -> 0
B101: Descanso Semanal Remunerado (DSR) -Adicional Noturno | D101: R$ | E101: =ROUND((E92/25)*6,2) -> 11.89 | F101: =F92 -> 0 | G101: =ROUND(E101*F101,2) -> 0
B102: Adicional de Insalubridade | D102: % | E102: =F59 -> 0.4 | F102: =F73 -> 0 | G102: =ROUND(E102*F102,2) -> 0
B103: Soma | G103: =ROUND(SUM(G90:G102),2) -> 0
B104: Encargos Sociais | D104: % | E104: ='Anexo B'!I57 -> 0 | F104: =G103 -> 0 | G104: =ROUND(E104*F104,2) -> 0
B105: Custo Total por Coletor | G105: =ROUND(G103+G104,2) -> 0
B106: Total do Efetivo | D106: pessoas | E106: =G39/2 -> 21 | F106: =G105 -> 0 | G106: =ROUND(E106*F106,2) -> 0
B107: Fator de Utilização | D107: % | E107: =D48 -> 1 | G107: =ROUND(G106*E107,2) -> 0
B108: ="³Considerando-se "&Leia!G11&" dias de feriados ocorridos de segunda a sábado durante o ano: ("&Leia!G11&" / 12) = "&ROUND(Leia!G11/12,2)&" dias de feriados por mês." -> ³Considerando-se 9 dias de feriados ocorridos de segunda a sábado durante o ano: (9 / 12) = 0,75 dias de feriados por mês.
B109: Total Lixeiros/Coletores | G109: =ROUND(G107+G87,2) -> 0
B111: 1.2. Motoristas
B112: DISCRIMINAÇÃO | D112: UNIDADE | E112: QUANTIDADE | F112: PREÇO UNITÁRIO | G112: SUBTOTAL
B113: =B67 -> TURNO DIA DE SEG. A SÁB. (INCLUSIVE AOS FERIADOS) - das 7h às 15h20min.
B114: Piso da categoria (2) | D114: mês | E114: 1 | F114: =G60 -> 0 | G114: =ROUND(E114*F114,2) -> 0
...

Sheet Anexo B
A1: ANEXO B
A2: BDI E ENCARGOS SOCIAIS
A4: =Resumo!A4 -> PARTICIPANTE
A6: Composição do BDI - Benefícios e Despesas Indiretas
B8: i | C8: Informar o valor anual da taxa financeira, em percentual
B9: DU | C9: Informar a média de dias úteis entre data de pagamento prevista no contrato e a data final do período de adimplemento da parcela
B11: Código | C11: Descrição | I11: Valor
B12: AC | C12: Administração Central
B13: SRG | C13: Seguros/Riscos/Garantias
B14: L | C14: Lucro
B15: DF | C15: Despesas Financeiras | I15: =(1+I8)^(I9/252)-1 -> 0
B16: T | C16: Tributos - ISS
C17: Tributos - PIS/COFINS
B18: Fórmula para o cálculo do BDI: {[(1+AC+SRG) x (1+L) x (1+DF)] / (1-T)} -1
A20: Resultado do cálculo do BDI: | I20: =ROUND((((1+I12+I13)*(1+I14)*(1+I15))/(1-(I16+I17))-1),4) -> 0
A22: Encargos Sociais
B23: Grupo A
B24: Código | C24: Descrição | I24: Valor
B25: A1 | C25: INSS
B26: A2 | C26: Sesi/Sesc/DPC/Faer
B27: A3 | C27: Senai/Senac/DPC/Faer
B28: A4 | C28: Incra
B29: A5 | C29: Sebrae
B30: A6 | C30: Salário Educação
B31: A7 | C31: Seg. Acid. Trabalho
B32: A8 | C32: FGTS
C33: Sub-total | I33: =SUM(I25:I32) -> 0
B34: Grupo B
B35: Código | C35: Descrição | I35: Valor
B36: B1 | C36: Férias gozadas
B37: B2 | C37: 13° Salário
B38: B3 | C38: Licença Paternidade
B39: B4 | C39: Faltas Justificadas
B40: B5 | C40: Auxílio acidente de trabalho
B41: B6 | C41: Auxílio Doença
C42: Sub-total | I42: =SUM(I36:I41) -> 0
B43: Grupo C
B44: Código | C44: Descrição | I44: Valor
B45: C1 | C45: Aviso Prévio indenizado
B46: C2 | C46: Férias Indenizadas
B47: C3 | C47: Férias Indenizadas s/ aviso prévio inden.
B48: C4 | C48: Depósito Recisão sem justa causa
B49: C5 | C49: Indenização adicional
C50: Sub-total | I50: =SUM(I45:I49) -> 0
B51: Incidência cumulativa
B52: Código | C52: Descrição | I52: Valor
B53: D1 | C53: Reincidência do Grupo A sobre Grupo B | I53: =I33*I42 -> 0
B54: D2 | C54: Reincidência do FGTS sobre aviso prévio indenizado | I54: =I32*I45 -> 0
C55: Sub-total | I55: =SUM(I53:I54) -> 0
A57: Total para Encargos Sociais | I57: =I55+I50+I42+I33 -> 0

Sheet Depreciação
A2: Depreciação Referencial TCE/RS (%)
A4: Idade do veículo (ano) | B4: Depreciação Média
A5: 1 | B5: 33.63
A6: 2 | B6: 43.13
A7: 3 | B7: 48.68
A8: 4 | B8: 52.62
A9: 5 | B9: 55.68
A10: 6 | B10: 58.18
A11: 7 | B11: 60.29
A12: 8 | B12: 62.12
A13: 9 | B13: 63.73
A14: 10 | B14: 65.18
A15: 11 | B15: 66.48
A16: 12 | B16: 67.67
... A19: 15 | B19: 70.73

Sheet Leia
A2: ORIENTAÇÕES PARA PREENCHIMENTO:
B3: 1) preencher as células em amarelo (A), conforme a legenda;
B4: 2) as células em verde (B) são valores/quantidades mínimas indicadas, conforme TR.
A6: DADOS / PREMISSAS UTILIZADAS
B7: Coleta
B8: Turnos | E8: Total de domingos (a.a): | G8: Horas de trabalho aos domingos:
B9: Início | C9: Fim | E9: 52 | G9: 4 | H9: h
B10: Manhã | C10: ="das "&HOUR(B11)&"h às "&HOUR(C11)&"h"&MINUTE(C11)&"min." -> das 7h às 15h20min. | E10: Total de Feriados (a.a.): | G10: Feriados de seg. à sab. (a.a.):
B11: 0.29166667 | C11: 0.63888889 | E11: 13 | G11: 9
B12: intervalo almoço: | C12: 0.041666667 | G12: Feriados aos domingos (a.a.):
B13: duração dia: | C13: =HOUR(C14)+MINUTE(C14)/60 -> 7.3333333 | G13: 3
C14: =C11-B11-C12 -> 0.30555556
B15: Noite | C15: ="das "&HOUR(B17)&"h"&MINUTE(B17)&"min."&" às "&HOUR(C17)&"h"&MINUTE(C17)&"min." -> das 15h20min. às 23h40min. | E15: Dias úteis / mês: | G15: Distância média percorrida pelos veículos coletores, nos dois turnos (km/dia):
E16: =ROUND((365-E9)/12,0) -> 26
B17: 0.63888889 | C17: 0.98611111
B18: Adicional Noturno | E18: Horas mensais: | G18: 101
B19: 0.91666667 | C19: 0.20833333 | E19: 220
B20: entre 22h e 5h | C20: =HOUR(C21)+MINUTE(C21)/60 -> 1.6666667
C21: =C17-B19 -> 0.069444444
B22: até as 22h | C22: =HOUR(C23)+MINUTE(C23)/60 -> 6.6666667
C23: =B19-B17 -> 0.27777778
B24: intervalo: | C24: 0.041666667
B25: Duração noite: | C25: =C17-B17-C24 -> 0.30555556
B27: DIURNO:
B28: =G11/12 -> 0.75 | C28: Total de feriados por mês - seg a sáb.
B29: =B28*C14 -> 0.22916667 | C29: Horas Extras por feriados
B30: =E9/12 -> 4.3333333 | C30: Total de domingos por mês
B31: =B30*G9 -> 17.333333 | C31: Horas Extras Domingos
B32: =B29+B31 -> 17.5625
B33: NOTURNO:
B34: =B28 -> 0.75 | C34: =C28 -> Total de feriados por mês - seg a sáb.
B35: =B34*C23 -> 0.20833333 | C35: =C29 -> Horas Extras por feriados
B36: =B34*C21 -> 0.052083333 | C36: Horas Extras noturnas por feriados
